 Dungeon Crawl Stone Soup version 0.29.0-3-gbb0933ed62 (webtiles) character file.

Game seed: 6428382097198851194

938 LustLizard the Ruffian (level 7, -1/72 HPs)
             Began as a Troll Fighter on Aug 25, 2022.
             Was a Follower of Ashenzari.
             Slain by a hornet (6 damage)
             ... on level 6 of the Dungeon.
             The game lasted 00:12:43 (4713 turns).

LustLizard the Ruffian (Troll Fighter)              Turns: 4713, Time: 00:12:43

Health: -1/72      AC:  4    Str: 27    XL:     7   Next: 87%
Magic:  6/6        EV:  8    Int:  4    God:    Ashenzari [*.....]
Gold:   266        SH:  7    Dex:  9    Spells: 6/6 levels left

rFire   x . .      SeeInvis +     - Unarmed
rCold   + . .      Faith    .   b - +0 kite shield
rNeg    . . .      Spirit   .   a - +0 robe "Manifest Regret" {Range, Comp} (curse)
rPois   .          Reflect  .   (helmet restricted)
rElec   .          Harm     .   (no cloak)
rCorr   .          Rampage  .   (gloves unavailable)
Will    .....                   (boots unavailable)
Stlth   +.........              (no amulet)
HPRegen 1.02/turn               u - ring of Ashenzari's Irritation {Ice, Melee, Bglg} (curse)
MPRegen 0.10/turn               w - ring of see invisible

@: mighty, lethally poisoned (-1 -> -2), slowed, invisible, very slow
A: large, unfitting armour, claws 3, regeneration 1, shaggy fur 1, tough skin 1
a: Renounce Religion, Shatter the Chains


You were on level 6 of the Dungeon.
You worshipped Ashenzari.
Ashenzari was aware of your devotion.
You visited 1 branch of the dungeon, and saw 6 of its levels.

You collected 266 gold pieces.

Inventory:

Missiles
 l - 23 stones (quivered)
 r - 5 poisoned darts
Armour
 a - the cursed +0 robe "Manifest Regret" (worn) {Range, Comp}

   It has a curse which improves the following skills: Ranged Combat: Ranged
   Weapons and Throwing.
   Companions: Summonings and Necromancy.
 b - a +0 kite shield (worn)
Jewellery
 t - a ring of protection from fire
 u - the cursed ring of Ashenzari's Irritation (left claw) {Ice, Melee, Bglg}
   (You found it on level 4 of the Dungeon)

   [ring of ice]

   It enhances your ice magic.
   rF:        It makes you vulnerable to fire.
   rC:        It protects you from cold.
   It has a curse which improves the following skills: Melee Combat: Short
   Blades, Long Blades, Axes, Maces & Flails, Polearms, Staves and Unarmed
   Combat.
   Beguiling: Conjurations, Hexes and Translocations.
 w - a ring of see invisible (right claw)
Wands
 y - a wand of paralysis (8)
Scrolls
 e - a scroll of amnesia
 f - a scroll of fear
 g - 2 scrolls of poison
 h - a scroll of immolation
 i - a scroll of blinking
 j - a scroll of magic mapping
 m - a scroll of enchant weapon
 x - a scroll of teleportation
Potions
 d - a potion of mutation
 n - 2 potions of brilliance
 p - a potion of cancellation
 q - a potion of lignification
 B - 3 potions of resistance


   Skills:
 * Level 5.1 Fighting
 * Level 4.1(4.9) Throwing
 - Level 2.4 Dodging
 - Level 2.6 Shields
 * Level 5.7(6.5) Unarmed Combat


You had 6 spell levels left.
You didn't know any spells.
Your spell library was empty.

Dungeon Overview and Level Annotations

Branches:
Dungeon (6/15)             Temple (0/1) D:5

Altars:
Ashenzari
Makhleb
Nemelex Xobeh
Ru
Uskayaw
Yredelemnul

Shops:
D:5 **


Innate Abilities, Weirdness & Mutations

You are too large for most types of armour.
You have claws for hands.
Your natural rate of healing is unusually fast.
You are covered in fur. (AC +1)
You have tough skin. (AC +1)


Message History

You feel yourself slow down.
You feel yourself speed up.
You feel very sick. The hornet closely misses you.
You feel sick.
You see here a +0 dagger.
You feel sick. You block the hornet's attack.
You feel sick.
You feel sick. The hornet stings you!
* * * LOW HITPOINT WARNING * * *
You feel yourself slow down.
You feel sick.
You are no longer poisoned.
The hornet barely misses you.
You see here a hound corpse.
You feel yourself speed up.
The hornet stings you but does no damage.
The hornet barely misses you.
You feel much better. The hornet closely misses you.
You feel very mighty all of a sudden. The hornet stings you.
You are poisoned.
You suddenly lose the ability to move!
The hornet stings you!
You shrug off the repeated paralysis!
You feel very sick. The hornet stings you!
* * * LOW HITPOINT WARNING * * *
You feel yourself slow down.
You feel very sick. The hornet stings you!
* * * LOW HITPOINT WARNING * * *
You feel as though you will be slow longer.
The hornet stings you but does no damage.
You can move again.
You strike the helpless hornet from behind!
You scratch the hornet.
The hornet is lightly wounded.
You feel very sick. The hornet stings you.
You die...

...Y...#.# #.###.##
...#####.# ##'####.# .
#o# ##...###.# #)###
#^.^.^##.# #)#.##
##^^.###.#
######...o###.^_.^##.#
...........#########.#
######....##########.#
#......oYy@.......>#
...##################
##


You could see a hornet (unable to see you), an ice beast (unable to see you) and
an orc (unable to see you).

Vanquished Creatures
  Grinder (D:3)
  2 ice beasts
  An ogre (D:4)
  4 hounds
  An orc priest (D:3)
  An iguana (D:4)
  3 orc wizards
  10 adders
  An ufetubus (D:6)
  4 worms
  4 dart slugs
  11 orcs
  4 bats
  7 endoplasms
  4 giant cockroaches
  6 hobgoblins
  6 jackals
  7 quokkas
  7 ball pythons
  2 frilled lizards (D:1)
  7 goblins
  6 kobolds
  5 rats
  A spectral orc (D:6)
105 creatures vanquished.

Vanquished Creatures (others)
  A fungus (D:2)
  5 plants
6 creatures vanquished.

Grand Total: 111 creatures vanquished

Notes
Turn   | Place    | Note
-------+----------+-------------------------------------------
     0 | D:1      | LustLizard the Troll Fighter began the quest for the Orb.
     0 | D:1      | Reached XP level 1. HP: 22/22 MP: 0/0
   115 | D:1      | Reached XP level 2. HP: 29/29 MP: 1/1
   197 | D:1      | You fall into a shaft and drop 1 floor!
   296 | D:2      | Reached XP level 3. HP: 37/37 MP: 2/2
   863 | D:2      | Reached XP level 4. HP: 44/45 MP: 3/3
   957 | D:2      | Found a faded altar of an unknown god.
  1642 | D:3      | Reached skill level 1 in Throwing
  1650 | D:3      | Reached XP level 5. HP: 40/53 MP: 4/4
  1679 | D:3      | Noticed a +0 dagger
  1679 | D:3      | Noticed a +0 dagger
  1680 | D:3      | Found a hide-covered altar of Uskayaw.
  1778 | D:3      | Found a broken altar of Ashenzari.
  1787 | D:3      | Noticed Grinder
  1793 | D:3      | Paralysed by Grinder for 2 turns
  1799 | D:3      | Killed Grinder
  1800 | D:3      | Reached XP level 6. HP: 62/62 MP: 5/5
  2508 | D:4      | Reached XP level 7. HP: 10/71 MP: 6/6
  2724 | D:4      | Reached skill level 5 in Unarmed Combat
  3097 | D:4      | Found a sacrificial altar of Ru.
  3097 | D:4      | Found a burning altar of Makhleb.
  3161 | D:3      | Became a worshipper of Ashenzari the Shackled
  3492 | D:5      | Entered Level 5 of the Dungeon
  3512 | D:5      | Found Ceocaciw's Specific Store.
  3515 | D:5      | Found Cuynt's General Store.
  3611 | D:5      | Found a sparkling altar of Nemelex Xobeh.
  3832 | D:5      | Found a staircase to the Ecumenical Temple.
  4485 | D:6      | Reached * piety under Ashenzari
  4609 | D:6      | Found a basalt altar of Yredelemnul.
  4653 | D:6      | Reached skill level 5 in Fighting
  4680 | D:6      | Noticed a hornet
  4695 | D:6      | Paralysed by a hornet for 3 turns
  4710 | D:6      | Paralysed by a hornet for 3 turns
  4713 | D:6      | Slain by a hornet

Illustrated notes

Levels and vault maps discovered:
D:1:      erik_arrival_blinker_ship, layout_basic
D:2:      layout_basic, shapermc_ecumenical_altar_acropolis, serial_bayou_ford_a
D:3:      layout_basic, dancing_weapons_uskayaw, cheibrodos_ashenzari_chains,
          serial_forest, infiniplex_forest_lined_ring,
          infiniplex_forest_lined_1, infiniplex_forest_straight_5,
          infiniplex_forest_end_1, infiniplex_forest_clump_long,
          infiniplex_forest_clump_small, infiniplex_forest_lined_3,
          interstate_on_off, uniq_grinder
D:4:      layout_gridville, grunt_temple_overflow_open, grunt_tough_drop
D:5:      layout_basic, nemelex_diamond_rough_becter,
          minmay_temple_entry_gardened_gates, nicolae_specific_store,
          nicolae_eternal_life, minivault_14
D:6:      layout_loops_ring, yredelemnul_forgotten_temple_becter,
          kennysheep_generic_room_6

Skill      XL: |  1  2  3  4  5  6  7 |
---------------+----------------------+-----
Fighting       | 3 4 5 |  5.1
Unarmed Combat | 3 4 5 |  5.7
Throwing       | 1 2 3 4 |  4.1
Dodging        | |  2.4
Shields        | |  2.6

Action                   |  1- 3 |  4- 6 |  7- 9 || total
-------------------------+-------+-------+-------++-------
Melee: Unarmed           |   136 |   107 |   103 ||   346
Throw: Stone             |       |       |    20 ||    20
Invok: Curse Item        |       |       |     2 ||     2
  Use: Potion            |       |     1 |     5 ||     6
       Scroll            |       |       |     8 ||     8
 Stab: Invisible         |       |       |     1 ||     1
Armor: Robe              |    46 |    19 |    23 ||    88
Dodge: Dodged            |    44 |    26 |    32 ||   102
Block: Kite shield       |    32 |    21 |    36 ||    89
